 Dungeon Crawl Stone Soup version 0.22-a0-609-gfedc9ff (webtiles) character file.

154 Hebeh the Magician (level 5, 0/28 HPs)
             Began as a Deep Elf Fire Elementalist on July 10, 2018.
             Slain by a wyvern (11 damage)
             ... on level 3 of the Dungeon.
             The game lasted 00:11:23 (2366 turns).

Hebeh the Magician (Deep Elf Fire Elementalist)     Turns: 2366, Time: 00:11:24

Health: 0/28       AC:  2    Str:  6    XL:     5   Next: 13%
Magic:  4/14       EV: 13    Int: 20    God:
Gold:   112        SH:  0    Dex: 15    Spells: 7/13 levels left

rFire    . . .     SeeInvis .   b - +0 hunting sling
rCold    . . .     Gourm    .   (no shield)
rNeg     . . .     Faith    .   h - +0 robe
rPois    .         Spirit   .   (no helmet)
rElec    .         Reflect  .   (no cloak)
rCorr    .         Harm     .   (no gloves)
MR       .....                  (no boots)
Stlth    ++........             (no amulet)
HPRegen  0.09/turn              (no ring)
MPRegen  0.14/turn              (no ring)

@: no status effects
A: no striking features
a: no special abilities


You were on level 3 of the Dungeon.
You were not hungry.

You visited 1 branch of the dungeon, and saw 3 of its levels.

You collected 112 gold pieces.

Inventory:

Hand Weapons
 a - a +0 dagger of electrocution
 b - a +0 hunting sling (weapon)
Missiles
 d - 7 javelins
 e - 94 stones (quivered)
Armour
 h - a +0 robe (worn)
Scrolls
 g - a scroll of identify {unknown}
 k - a scroll of fear {unknown}
 m - a scroll of magic mapping {unknown}
Potions
 f - a potion of curing {unknown}
 i - a potion of flight {unknown}
Comestibles
 c - 3 rations


   Skills:
 - Level 2.4 Dodging
 - Level 2.4 Stealth
 + Level 4.7 Spellcasting
 + Level 3.3 Conjurations
 + Level 4.5 Fire Magic


You had 7 spell levels left.
You knew the following spells:

 Your Spells              Type           Power        Failure   Level  Hunger
a - Flame Tongue          Conj/Fire      ###..        2%          1    None
b - Throw Flame           Conj/Fire      ###...       3%          2    #......
c - Conjure Flame         Conj/Fire      ###.....     7%          3    ##.....

Your spell library contained the following spells:

 Spells                   Type           Power        Failure   Level  Hunger
 Fireball                 Conj/Fire      ###.......   54%         5    ######.
 Sticky Flame             Conj/Fire      ###.....     24%         4    ####...
 Inner Flame              Hex/Fire       ##......     14%         3    ##.....


Dungeon Overview and Level Annotations

Branches:
Dungeon (3/15)

Altars:
Okawaru
Yredelemnul

Annotations:
D:2 Sigmund


Message History

Aiming: Flame Tongue (safe; 2% risk of failure)
Press: ? - help, Shift-Dir - straight line, f/p - wyvern
Aim: a wyvern (lightly wounded)
The flame tongue hits the wyvern.
The wyvern is severely wounded.
Casting: Flame Tongue (safe; 2% risk of failure)
Confirm with . or Enter, or press ? or * to list all spells.
Aiming: Flame Tongue (safe; 2% risk of failure)
Press: ? - help, Shift-Dir - straight line, f/p - wyvern
Aim: a wyvern (severely wounded)
The flame tongue misses the wyvern.
Casting: Flame Tongue (safe; 2% risk of failure)
Confirm with . or Enter, or press ? or * to list all spells.
Aiming: Flame Tongue (safe; 2% risk of failure)
Press: ? - help, Shift-Dir - straight line, f/p - wyvern
Aim: a wyvern (severely wounded)
The flame tongue hits the wyvern.
The wyvern is almost dead.
The wyvern bites you! x2
You die...

#.....#
#.....#
#.....#
..#####.....#
..........#.#
...###.###.#
#.#<..#
#.#####.###
#...@.....#
####l...#.#
'....#
.#....#
..#....# ..
#....# ...
...... ###
#######


You could see a wyvern.

Vanquished Creatures
  A howler monkey (D:3)
  A worker ant (D:2)
  4 adders (D:2)
  2 dart slugs (D:1)
  A leopard gecko (D:1)
  2 giant cockroaches
  2 gnoll zombies (D:2)
  7 goblins
  5 hobgoblins (D:1)
  6 jackals (D:1)
  4 kobolds
  2 quokkas (D:2)
  6 bats
  2 frilled lizards (D:2)
  5 rats
50 creatures vanquished.

Notes
Turn   | Place    | Note
-------+----------+-------------------------------------------
     0 | D:1      | Hebeh the Deep Elf Fire Elementalist began the quest for the Orb.
     0 | D:1      | Reached XP level 1. HP: 10/10 MP: 6/6
   115 | D:1      | Reached XP level 2. HP: 15/15 MP: 8/8
   823 | D:1      | Reached XP level 3. HP: 19/19 MP: 8/10
  1166 | D:2      | Learned a level 2 spell: Throw Flame
  1170 | D:2      | Learned a level 3 spell: Conjure Flame
  1277 | D:2      | Noticed Sigmund
  1472 | D:2      | Reached XP level 4. HP: 16/24 MP: 6/12
  1825 | D:2      | Found an iron altar of Okawaru.
  2047 | D:2      | Found a basalt altar of Yredelemnul.
  2353 | D:3      | Reached XP level 5. HP: 22/28 MP: 7/14
  2362 | D:3      | Noticed a wyvern
  2366 | D:3      | Slain by a wyvern

Vault maps used:
D:1:      eino_arrival_druids_welcome
D:2:      lemuel_zombie_altar_yredelemnul, okawaru_gym_becter,
          nrook_mini_vaults, uniq_sigmund
D:3:      nrook_mini_backslash, uniq_natasha

Skill      XL: |  1  2  3  4 |
---------------+-------------+-----
Conjurations   | 2 3 |  3.3
Fire Magic     | 4 |  4.5
Spellcasting   | 4 |  4.7
Dodging        | |  2.4
Stealth        | |  2.4

Action                   |  1- 3 |  4- 6 || total
-------------------------+-------+-------++-------
 Fire: Hunting sling     |    62 |    11 ||    73
 Cast: Flame Tongue      |    51 |    24 ||    75
       Throw Flame       |     1 |     7 ||     8
  Eat: Chunk             |     1 |     3 ||     4
Armor: Robe              |     5 |       ||     5
Dodge: Dodged            |    23 |     6 ||    29

Table legend:
 A = Spawn XP
 B = Non-spawn XP
 C = Spawn XP percentage of total XP
 D = Spawn monster count
 E = Non-spawn monster count
 F = Spawn count percentage of total count
 G = Total turns spent on level
                    A         B        C        D         E        F      G
               +---------+---------+-------+---------+---------+-------+---------
         Total |       0 |     220 |   0.0 |       0 |      50 |   0.0 |  2366
               +---------+---------+-------+---------+---------+-------+---------
           D:1 |       0 |      52 |   0.0 |       0 |      26 |   0.0 |  1146
           D:2 |       0 |     114 |   0.0 |       0 |      23 |   0.0 |  1186
           D:3 |       0 |      54 |   0.0 |       0 |       1 |   0.0 |    34
               +---------+---------+-------+---------+---------+-------+---------
